Map: Odyssey LE

Players

Dessa - Winner!

  • Race: Zerg Zerg
  • League: Diamond
  • Spawn Location: 5:00

Keysen

  • Race: Zerg Zerg
  • League: Diamond
  • Spawn Location: 11:00

VOD

Have the link to the VOD?

Description

Time

  • Played on: Dec. 12, 2017, 12:38 p.m.
  • Length: 2:29
Show
View Real Time Build Order
Export as new Build Order

Dessa Zerg - Winner!

Build Orders: Pool First 

Get SALT Encoding   

  12  0:01  Drone  
  13  0:09  Drone  
  14  0:21  Extractor  
  14  0:22  Drone  
  14  0:35  Spawning Pool  
  13  0:36  Drone  
  14  1:03  Hatchery  
  13  1:06  Drone  
  14  1:15  Overlord  
  14  1:34  Zergling x6  
  17  1:45  Drone  
  18  1:57  Drone  
  19  2:08  Drone  
Show
View Real Time Build Order
Export as new Build Order

Keysen Zerg 

Build Orders: Pool Only 

Get SALT Encoding   

  12  0:01  Drone  
  13  0:22  Spawning Pool  
  13  0:26  Drone  
  13  0:30  Drone  
  14  0:41  Overlord  
  14  0:51  Extractor  
  14  0:52  Drone, Extractor  
  14  0:54  Drone  
  16  1:09  Zergling x2  
  17  1:18  Zergling x2  
  18  1:20  Queen  
  18  1:22  Zergling x2  
  21  1:30  Spine Crawler  
  20  1:33  Overlord  
  20  1:44  Spine Crawler  
  20  1:45  Zergling x2  
Tags
 
Matchup
ZvZ
Race
Zerg
Replay Pack
2017S4
Spawn Locations
Cross Positions
Add a new tag
Caveats
  • Supply blocks, unpowered buildings, or Contaminate may cause inaccurate times.
  • Supply counts are checked every 10 seconds.